 Dungeon Crawl Stone Soup version 0.19.0-2-gae57169 (webtiles) character file.

3630 Banto the Carver (level 9, 0/54 HPs)
             Began as a High Elf Skald on Nov 5, 2016.
             Was a Follower of Okawaru.
             Slain by Erica
             ... wielding a +0 scimitar of flaming
              (11 damage)
             ... on level 7 of the Dungeon.
             The game lasted 00:15:21 (8139 turns).

Banto the Carver (High Elf Skald)                   Turns: 8139, Time: 00:15:22

Health: 0/54       AC:  6    Str: 10 (11) XL:     9   Next: 87%
Magic:  0/13       EV: 21    Int: 17 (18) God:    Okawaru [*.....]
Gold:   270        SH:  0    Dex: 19      Spells: 4 memorised, 4 levels left

rFire  + . .     SeeInvis .     f - +0 scimitar
rCold  . . .     Gourm    .     o - +2 robe of Hide-and-Seek {rElec}
rNeg   . . .     Faith    .     (no shield)
rPois  .         Spirit   .     (no helmet)
rElec  +         Reflect  .     (no cloak)
rCorr  .         Harm     .     (no gloves)
MR     +....                    i - +1 pair of boots
Stlth  +.........               l - amulet of rage
                                (no ring)
                                z - ring of loudness (curse)

@: infused
A: thin skeletal structure 1, deterioration 1, fire resistance 1, magic
resistance 1, evolution 1
a: Heroism, Renounce Religion, Evoke Berserk Rage


You were on level 7 of the Dungeon.
You worshipped Okawaru.
Okawaru was aware of your devotion.
You were not hungry.

You visited 2 branches of the dungeon, and saw 9 of its levels.
You also visited: Sewer.

You collected 429 gold pieces.
You spent 159 gold pieces at shops.

Inventory:

Hand Weapons
 a - a +1 falchion
 f - a +0 scimitar (weapon)
Armour
 i - a +1 pair of boots (worn)
 o - the +2 robe of Hide-and-Seek (worn) {rElec}
   (You bought it in a shop on level 4 of the Dungeon)

   It insulates you from electricity.
Jewellery
 l - an amulet of rage (around neck)
 z - a cursed ring of loudness (left hand)
Scrolls
 k - 2 scrolls of recharging
 q - a scroll of magic mapping
 r - 4 scrolls of remove curse
 u - 3 scrolls of teleportation
Potions
 e - 2 potions of cure mutation
 h - 3 potions of haste {unknown}
 j - 4 potions of heal wounds
 m - 5 potions of curing
 p - 6 potions of flight {unknown}
 s - a potion of brilliance {unknown}
 t - 2 potions of lignification {unknown}
 v - a potion of resistance {unknown}
Comestibles
 b - a meat ration
 d - 5 bread rations
 g - 4 beef jerkies
 n - 2 royal jellies
 x - 5 slices of pizza


   Skills:
 - Level 2.0 Fighting
 + Level 11.7 Long Blades
 - Level 0.8 Armour
 + Level 11.1 Dodging
 - Level 2.4 Spellcasting
 - Level 3.6 Charms


You had 4 spell levels left.
You knew the following spells:

 Your Spells              Type           Power        Failure   Level  Hunger
a - Infusion              Chrm           ##..         4%          1    #......
b - Song of Slaying       Chrm           ##......     10%         2    ##.....
c - Shroud of Golubria    Chrm/Tloc      #.........   17%         2    ##.....
d - Spectral Weapon       Hex/Chrm       #.......     30%         3    ###....


Dungeon Overview and Level Annotations

Branches:
Dungeon (8/15)             Temple (1/1) D:7
   Lair: D:8-11

Altars:
Ashenzari
Dithmenos
Elyvilon
Fedhas
Gozag
Hepliaklqana
Kikubaaqudgha
Makhleb
Nemelex Xobeh
Okawaru
Ru
Sif Muna
Trog
Uskayaw
Vehumet
Xom
Yredelemnul
Zin
The Shining One

Shops:
D:4 [   D:5 }   D:7 }

Annotations:
D:7 Erica


Innate Abilities, Weirdness & Mutations

You have a somewhat thin skeletal structure. (Dex +2, Stealth)
Your body sometimes deteriorates upon taking damage.
Your flesh is heat resistant. (rF+)
You are resistant to hostile enchantments. (MR+)
You evolve.


Message History

Okawaru accepts your kill. Erica hits you but does no damage.
You climb upwards.
There is a stone staircase leading down here.
You now have 0/13 mp.
You hit Erica.
Erica is severely wounded.
You slash Erica!
Erica is almost dead.
Erica barely misses you.
You barely miss Erica.
Erica is almost dead.
Erica points at you and mumbles some strange words.
The orb of energy hits you!
* * * LOW HITPOINT WARNING * * *
You take 17 damage, and have 10/54 hp.
MASSIVE DAMAGE!!
You completely miss Erica.
Erica is almost dead.
Erica hits you with a scimitar of flaming!
You die...

####### ##
#.....############.
#.....#..........#.
#.....'.÷........#.
#.....#..........#.
#....)#..##......#.
#@@...#####......#.
####'##..........#.
#................#.
#................#.
#................#.
#................#[
#........(.......#.
#######..##.∩.∩..#.
##..##......'.


You could see Erica.

Vanquished Creatures
  Pikel (D:3)
  Menkaure (D:4)
  A water moccasin (D:8)
  3 black bears
  2 ice beasts
  3 phantoms
  3 ogres
  3 centaurs
  A big kobold (Sewer)
  6 bullfrogs
  A scorpion (D:6)
  4 killer bees
  3 wights (D:8)
  2 howler monkeys (D:7)
  5 crimson imps
  2 jellies
  A hound (D:4)
  A bullfrog skeleton (D:5)
  2 gnoll shamans (D:5)
  An orc priest (D:6)
  An iguana (D:4)
  4 orc wizards
  3 worker ants
  A hound skeleton (D:5)
  A worker ant zombie (D:6)
  A howler monkey zombie (D:6)
  7 gnolls
  A howler monkey skeleton (D:4)
  7 adders
  2 river rats (Sewer)
  4 oozes
  An adder zombie (D:7)
  An adder skeleton (D:7)
  2 worms
  A dart slug (D:1)
  5 leopard geckos
  22 orcs
  2 ball pythons
  10 giant cockroaches
  5 hobgoblins
  5 jackals
  11 kobolds
  2 quokkas
  7 bats
  4 frilled lizards
  8 goblins
  A jackal skeleton (D:8)
  13 rats
178 creatures vanquished.

Vanquished Creatures (others)
  4 slaves (D:4)
  An adder (D:4)
  2 gnolls (D:4)
  An orc (D:4)
  4 spectral weapons
12 creatures vanquished.

Grand Total: 190 creatures vanquished

Notes
Turn   | Place    | Note
-------+----------+-------------------------------------------
     0 | D:1      | Banto the High Elf Skald began the quest for the Orb.
     0 | D:1      | Reached XP level 1. HP: 14/14 MP: 4/4
   256 | D:1      | Reached XP level 2. HP: 16/19 MP: 6/6
  1120 | D:2      | Learned a level 2 spell: Song of Slaying
  1123 | D:2      | Learned a level 2 spell: Shroud of Golubria
  1359 | D:2      | Reached XP level 3. HP: 24/24 MP: 0/7
  1649 | D:2      | Found a sacrificial altar of Ru.
  2208 | D:3      | Found a glowing silver altar of Zin.
  2208 | D:3      | Found a faded altar of an unknown god.
  2213 | D:3      | Found a shadowy altar of Dithmenos.
  2215 | D:3      | Found a faded altar of an unknown god.
  2216 | D:3      | Found a white marble altar of Elyvilon.
  2259 | D:3      | Found a sparkling altar of Nemelex Xobeh.
  2270 | D:3      | Reached XP level 4. HP: 27/29 MP: 2/8
  2300 | D:3      | Noticed a hand axe
  2301 | D:3      | Noticed a hand axe
  2301 | D:3      | Found a hide-covered altar of Uskayaw.
  2491 | D:3      | Found a radiant altar of Vehumet.
  2671 | D:4      | Gained mutation: You have a somewhat thin skeletal structure. (Dex +2, Stealth) [potion of mutation]
  2671 | D:4      | Gained mutation: Your body sometimes deteriorates upon taking damage. [potion of mutation]
  2672 | D:4      | Gained mutation: Your flesh is heat resistant. (rF+) [potion of mutation]
  2672 | D:4      | Gained mutation: You evolve. [potion of mutation]
  2729 | D:4      | Reached XP level 5. HP: 29/34 MP: 0/9
  2802 | D:4      | Noticed a slave
  2820 | D:4      | Found a glowing drain.
  2851 | Sewer    | Entered a sewer
  2885 | Sewer    | Learned a level 3 spell: Spectral Weapon
  2998 | Sewer    | Gained mutation: You are resistant to hostile enchantments. (MR+) [evolution]
  3068 | Sewer    | Reached skill level 5 in Long Blades
  3068 | Sewer    | Reached skill level 5 in Dodging
  3068 | Sewer    | Reached XP level 6. HP: 27/39 MP: 0/10
  3085 | Sewer    | Found a white marble altar of Elyvilon.
  3213 | D:4      | Noticed a slave
  3215 | D:4      | Noticed Pikel
  3215 | D:4      | Noticed a slave
  3215 | D:4      | Noticed a slave
  3238 | D:3      | Killed Pikel
  3238 | D:3      | Reached XP level 7. HP: 33/45 MP: 2/11
  3284 | D:4      | Found Laol's Antique Armour Emporium.
  3292 | D:4      | Bought a wizard robe for 159 gold pieces
  3303 | D:4      | Identified the +2 robe of Hide-and-Seek {rElec} (You bought it in a shop on level 4 of the Dungeon)
  3481 | D:4      | Noticed Menkaure
  3797 | D:4      | HP: 2/45 [Menkaure (23)]
  3804 | D:4      | Killed Menkaure
  3804 | D:4      | Reached XP level 8. HP: 31/50 MP: 12/12
  4241 | D:5      | Entered Level 5 of the Dungeon
  4697 | D:5      | Found a hazy altar of Hepliaklqana.
  5622 | D:5      | Found Entopry's Gadget Boutique.
  5625 | D:5      | Found a shattered altar of Ashenzari.
  5950 | D:6      | Reached XP level 9. HP: 43/54 MP: 0/13
  6159 | D:6      | Reached skill level 10 in Long Blades
  6836 | D:6      | Reached skill level 10 in Dodging
  6941 | D:7      | Found Tikics's Gadget Boutique.
  7030 | D:7      | Found a bloodstained altar of Trog.
  7316 | D:7      | Found a staircase to the Ecumenical Temple.
  7337 | Temple   | Entered the Ecumenical Temple
  7384 | Temple   | Became a worshipper of Warmaster Okawaru
  7609 | D:8      | Found a shimmering altar of Xom.
  7765 | D:8      | Noticed Erica
  7966 | D:7      | Reached * piety under Okawaru
  8139 | D:7      | Slain by Erica

Skill      XL: |  1  2  3  4  5  6  7  8  9 |
---------------+----------------------------+-----
Dodging        | 2 3 4 5 6 7 9 11 | 11.1
Long Blades    | 3 4 5 7 9 11 | 11.7
Fighting       | |  2.0
Armour         | |  0.8
Spellcasting   | |  2.4
Charms         | |  3.6

Action                   |  1- 3 |  4- 6 |  7- 9 || total
-------------------------+-------+-------+-------++-------
Melee: Falchion          |   105 |    87 |   432 ||   624
       Scimitar          |       |       |    16 ||    16
 Cast: Infusion          |    10 |     6 |    28 ||    44
       Shroud of Golubri |     6 |     7 |    12 ||    25
       Song of Slaying   |       |     2 |     1 ||     3
       Spectral Weapon   |       |     1 |    27 ||    28
Evoke: Wand              |       |       |     4 ||     4
  Use: Scroll            |     5 |     2 |     8 ||    15
       Potion            |       |     2 |     2 ||     4
 Stab: Sleeping          |     4 |     1 |     4 ||     9
       Distracted        |       |     1 |     2 ||     3
  Eat: Chunk             |     5 |     3 |    18 ||    26
       Royal jelly       |       |       |     1 ||     1
       Fruit             |       |       |     3 ||     3
Armor: Leather armour    |    26 |    22 |       ||    48
       Robe              |       |       |    59 ||    59
Dodge: Dodged            |    83 |    77 |   364 ||   524
       Rpst.: Falchion   |    30 |    32 |   119 ||   181
       Scimitar          |       |       |     7 ||     7

Table legend:
 A = Turns spent in this place as a percentage of turns spent in the entire game.
 B = Non-inter-level travel turns spent in this place as a percentage of non-inter-level travel turns spent in the entire game.
 C = Inter-level travel turns spent in this place as a percentage of turns spent in this place.
 D = Turns resting spent in this place as a percentage of non-inter-level travel turns spent in this place.
 E = Turns spent auto-exploring this place as a percentage of non-inter-level travel turns spent in this place.
 F = Non-inter-level travel turns spent in this place divided by the number of levels of this place that you've seen.
                   A       B       C       D       E      F
               +-------+-------+-------+-------+-------+----------------------
         Total | 100.0 | 100.0 |   0.6 |   4.9 |   9.4 | 232.6
       Dungeon |  95.2 |  95.2 |   0.6 |   4.9 |   9.6 | 276.9
        Temple |   1.8 |   1.7 |   2.4 |   0.0 |   0.0 |  40.0
         Sewer |   3.0 |   3.1 |   0.0 |   7.0 |   8.5 |  71.0
               +-------+-------+-------+-------+-------+----------------------

Table legend:
 A = Kills in this place as a percentage of kills in entire the game.
 B = Kills by you in this place as a percentage of kills by you in the entire game.
 C = Kills by friends in this place as a percentage of kills by friends in the entire game.
 D = Other kills in this place as a percentage of other kills in the entire game.
 E = Experience gained in this place as a percentage of experience gained in the entire game.
 F = Experience gained in this place divided by the number of levels of this place that you have seen.
                   A       B       C       D       E      F
               +-------+-------+-------+-------+-------+----------------------
         Total | 100.0 | 100.0 |  -nan |  -nan | 100.0 | 518.7
       Dungeon |  94.4 |  94.4 |  -nan |  -nan |  97.4 | 631.8
         Sewer |   5.6 |   5.6 |  -nan |  -nan |   2.6 | 133.0
               +-------+-------+-------+-------+-------+----------------------
